 Dungeon Crawl Stone Soup version 0.17-a0-1748-g222fba8 (webtiles) character file.

28 gp7 the Conjurer (level 3, -1/28 HPs)
             Began as a Minotaur Conjurer on Sept 2, 2015.
             Slain by a worm (4 damage)
             ... on level 2 of the Dungeon.
             The game lasted 00:04:02 (2167 turns).

gp7 the Conjurer (Minotaur Conjurer)                Turns: 2167, Time: 00:04:02

Health: -1/28      AC:  2    Str: 12    XL:     3   Next: 0%
Magic:  0/5        EV: 12    Int: 12    God:
Gold:   56         SH:  0    Dex: 11    Spells: 1 memorised, 5 levels left

rFire  . . .     SeeInvis .     k - +0 mace
rCold  . . .     Clarity  .     a - +0 robe
rNeg   . . .     SustAt   .     (no shield)
rPois  .         Gourm    .     (helmet restricted)
rElec  .         Spirit   .     (no cloak)
rCorr  .         Warding  .     (no gloves)
rMut   .         Stasis   .     (no boots)
MR     .....                    (no amulet)
Stlth  ++........               (no ring)
                                (no ring)

@: not resistant to hostile enchantments, unstealthy
A: retaliatory headbutt, horns 2
a: no special abilities


You were on level 2 of the Dungeon.
You were not hungry.

You visited 1 branch of the dungeon, and saw 2 of its levels.

You collected 56 gold pieces.

Inventory:

Hand weapons
 k - a +0 mace (weapon)
Armour
 a - a +0 robe (worn)
Scrolls
 e - a scroll of remove curse {unknown}
 i - 2 scrolls of immolation {unknown}
 j - a scroll of identify {unknown}
 l - a scroll of teleportation {unknown}
Potions
 d - 3 potions of brilliance {unknown}
 f - a potion of heal wounds {unknown}
 g - a potion of curing {unknown}
Books
 b - a book of Conjurations

   Spells                             Type                      Level
   a - Magic Dart                     Conjuration                  1
   b - Searing Ray                    Conjuration                  2
   c - Dazzling Spray                 Conjuration/Hexes            3
   d - Fulminant Prism                Conjuration/Hexes            4
   e - Iskenderun's Mystic Blast      Conjuration                  4
   f - Iskenderun's Battlesphere      Conjuration/Charms           5
Comestibles
 c - a bread ration


   Skills:
 + Level 1.0 Fighting
 + Level 0.0 Maces & Flails
 - Level 2.2 Dodging
 - Level 1.5 Stealth
 * Level 2.0 Spellcasting
 + Level 3.1 Conjurations


You had 5 spell levels left.
You knew the following spells:

 Your Spells              Type           Power        Failure   Level  Hunger
a - Magic Dart            Conj           #...         10%         1    ##.....


Dungeon Overview and Level Annotations

Branches:
Dungeon (2/15)

Altars:


Innate Abilities, Weirdness & Mutations

You reflexively headbutt those who attack you in melee.
You have a pair of horns on your head.


Message History

The worm is moderately wounded.
The worm bites you.
You hit the worm but do no damage.
The worm is moderately wounded.
The worm bites you.
You hit the worm. You headbutt the worm.
The worm is severely wounded.
The worm bites you!
* * * LOW HITPOINT WARNING * * *
Casting: Magic Dart
Confirm with . or Enter, or press ? or * to list all spells.
Aiming: Magic Dart
Press: ? - help, Shift-Dir - straight line, f/p - worm
Aim: a worm (heavily wounded)
The magic dart hits the worm.
The worm is severely wounded.
You hit the worm.
The worm is severely wounded.
The worm bites you.
You die...

#. ..# .. # ..#
.#_#..### .#.....
#.# .....#
#.######.#..#
#.##.....#..####.
#.##@w.........?.
#.##.#..#########
#.##.##...).....
#.##.##.########
#.##.##.#
#......)#
####....# #....#
#..#.#


You could see a worm.

Vanquished Creatures
  2 giant geckos (D:1)
  A giant cockroach (D:1)
  A hobgoblin (D:1)
  8 jackals
  5 kobolds (D:1)
  2 bats (D:1)
  2 giant newts (D:1)
  3 rats
24 creatures vanquished.

Notes
Turn   | Place    | Note
--------------------------------------------------------------
     0 | D:1      | gp7 the Minotaur Conjurer began the quest for the Orb.
     0 | D:1      | Reached XP level 1. HP: 14/14 MP: 1/1
     7 | D:1      | Reached skill level 3 in Conjurations
   630 | D:1      | Reached XP level 2. HP: 18/20 MP: 0/3
  2055 | D:2      | Reached skill level 1 in Fighting
  2055 | D:2      | Reached XP level 3. HP: 21/28 MP: 0/5
  2138 | D:2      | Found a faded altar to an unknown god.
  2167 | D:2      | Slain by a worm

Vault maps used:
D:1:      dpeg_arrival_fog, serial_forest, infiniplex_forest_corner_1,
          infiniplex_forest_corner_1, infiniplex_forest_clump_cross,
          infiniplex_forest_straight_4, infiniplex_forest_clump_medium,
          infiniplex_forest_lined_room_, infiniplex_forest_straight_1,
          infiniplex_forest_lined_4_way, infiniplex_forest_clump_curved,
          infiniplex_forest_clump_long, columned_hall_lemuel, minmay_hedge_maze
D:2:      zin_scriptorium, lemuel_zombie_altar_yredelemnul, ecumenical_altar_1,
          minmay_item_behind_shaft, minivault_5, bloody_trog, uniq_jessica

Action                   || total
-------------------------++-------
Melee: Unarmed           ||    18
       Mace              ||    26
 Cast: Magic Dart        ||    43
  Eat: Chunk             ||     3
       Meat ration       ||     1
